 Dungeon Crawl Stone Soup version 0.20.1-1-g8b1a95d (webtiles) character file.

240 vatarom the Sneak (level 6, -3/33 HPs)
             Began as a Vine Stalker Assassin on Sept 15, 2017.
             Was a Follower of Uskayaw.
             Killed from afar by Ymberti's ghost (16 damage)
             ... with a flame tongue
             ... on level 4 of the Dungeon.
             The game lasted 00:08:54 (3101 turns).

vatarom the Sneak (Vine Stalker Assassin)           Turns: 3101, Time: 00:08:56

Health: -3/33      AC:  5    Str: 14    XL:     6   Next: 8%
Magic:  0/7        EV: 11    Int: 11    God:    Uskayaw [*.....]
Gold:   135        SH:  0    Dex: 17    Spells: 5/5 levels left

rFire    . . .     SeeInvis .   a - +3 dagger
rCold    . . .     Gourm    .   (no shield)
rNeg     . . .     Faith    .   c - +0 robe
rPois    .         Spirit   +   t - +1 helmet
rElec    .         Reflect  .   d - +0 cloak
rCorr    .         Harm     .   (no gloves)
MR       .....                  (no boots)
Stlth    +++.......             (no amulet)
Regen    0.6/turn               (no ring)
MPRegen  0.1/turn               (no ring)

@: no status effects
A: fangs 2, regeneration 1, magic shield, antimagic bite, no potion heal 3, rot
immunity
a: Stomp, Renounce Religion


You were on level 4 of the Dungeon.
You worshipped Uskayaw.
Uskayaw was noncommittal.
You were not hungry.

You visited 1 branch of the dungeon, and saw 5 of its levels.

You collected 135 gold pieces.

Inventory:

Hand Weapons
 a - a +3 dagger (weapon)
 b - a +0 hunting sling
 q - a +0 blowgun
Missiles
 e - 34 poisoned needles
 j - 7 tomahawks
 l - 4 poisoned javelins (quivered)
 r - 50 stones
Armour
 c - a +0 robe (worn)
 d - a +0 cloak (worn)
 i - a +0 buckler
 t - a +1 helmet (worn)
Wands
 k - a wand of digging (10/24)
Scrolls
 o - 3 scrolls of remove curse
 p - a scroll of identify
 u - a scroll of amnesia
Comestibles
 f - a royal jelly
 g - 4 bread rations
 n - 5 fruits


   Skills:
 + Level 4.3 Fighting
 - Level 1.7 Short Blades
 - Level 1.7 Throwing
 - Level 0.7 Dodging
 - Level 4.8 Stealth
 + Level 3.3 Shields


You had 5 spell levels left.
You didn't know any spells.

Dungeon Overview and Level Annotations

Branches:
Dungeon (5/15)
 Temple: D:4-7

Altars:
Cheibriados
Dithmenos
Nemelex Xobeh
Trog
Uskayaw
Vehumet
Xom
Yredelemnul

Annotations:
D:4 Ymberti's ghost, amateur DEFE


Innate Abilities, Weirdness & Mutations

You have extremely sharp teeth.
Your natural rate of healing is unusually fast.
When hurt, damage is shared between your health and your magic reserves.
Your bite disrupts and absorbs the magic of your enemies.
Potions cannot restore your health.
You are immune to rotting.


Message History

You hit the phantom but do no damage.
The phantom is moderately damaged.
The phantom hits you but does no damage.
You closely miss the phantom.
The phantom is moderately damaged.
You hit the phantom.
The phantom is moderately damaged.
The phantom hits you.
You hit the phantom. Your bite misses the phantom.
The phantom is moderately damaged.
The phantom hits you.
You hit the phantom.
The phantom is moderately damaged.
Ymberti's ghost points at you and mumbles some strange words.
The flame tongue hits you!
There is a stone staircase leading up, spattered with blood here.
The phantom blinks!
Ymberti's ghost gestures at you while chanting.
The flame tongue hits you!
You die...

########
#############......#####
#.....)................########
#.###########......###.........
#....########....W)# ##########
####.........§@....# ######
#####.######..###.#### ###....⌠
#.....# #W## #....###..>##..
#.....# #.# ###......#####⌠
#.....######.### ##....## ##
#.......#......#####.##..#### #
#.....#.........##..........# #
#.....#..........#......###.# #
#.....#.................# #.#


You could see a phantom and Ymberti's ghost.

Vanquished Creatures
  3 hounds (D:4)
  Terence (D:2)
  Robin (D:3)
  3 adders
  2 adder skeletons (D:4)
  A worm (D:3)
  3 dart slugs
  3 leopard geckos (D:3)
  5 orcs (D:3)
  3 giant cockroaches
  16 goblins
  5 hobgoblins
  3 jackals (D:3)
  3 quokkas
  6 bats
  9 kobolds
  3 rats
70 creatures vanquished.

Notes
Turn   | Place    | Note
-------+----------+-------------------------------------------
     0 | D:1      | vatarom the Vine Stalker Assassin began the quest for the Orb.
     0 | D:1      | Reached XP level 1. HP: 11/11 MP: 2/2
   122 | D:1      | Reached XP level 2. HP: 16/16 MP: 3/3
   732 | D:2      | Noticed Terence
   748 | D:2      | Reached XP level 3. HP: 19/19 MP: 4/4
   760 | D:2      | Killed Terence
   760 | D:2      | Reached skill level 1 in Shields
   896 | D:2      | Found a snail-covered altar of Cheibriados.
  1219 | D:2      | Gained mutation: Your natural rate of healing is unusually fast. [Vine Stalker growth]
  1219 | D:2      | Reached XP level 4. HP: 20/24 MP: 5/5
  1501 | D:3      | Found a shadowy altar of Dithmenos.
  1621 | D:3      | Found a glowing golden altar of the Shining One.
  1623 | D:3      | Found a basalt altar of Yredelemnul.
  1623 | D:3      | Found a bloodstained altar of Trog.
  1625 | D:3      | Found a blossoming altar of Fedhas.
  1625 | D:3      | Found a shimmering altar of Xom.
  1625 | D:3      | Found a basalt altar of Yredelemnul.
  1659 | D:3      | Noticed Robin
  1797 | D:3      | Killed Robin
  1797 | D:3      | Reached XP level 5. HP: 17/29 MP: 3/6
  1907 | D:3      | Found a hide-covered altar of Uskayaw.
  1916 | D:3      | Became a worshipper of Uskayaw the Reveler
  2175 | D:4      | Reached * piety under Uskayaw
  2176 | D:4      | Reached ** piety under Uskayaw
  2193 | D:4      | Noticed an ice beast
  2465 | D:4      | Noticed Ymberti's ghost (amateur DEFE)
  2511 | D:4      | Reached XP level 6. HP: 33/33 MP: 7/7
  2511 | D:4      | Reached *** piety under Uskayaw
  2527 | D:4      | Found a radiant altar of Vehumet.
  2643 | D:4      | Noticed a phantom
  2832 | D:5      | Entered Level 5 of the Dungeon
  2835 | D:5      | Noticed an ice beast
  2850 | D:5      | HP: 1/33 [ice beast (6)]
  2994 | D:4      | Found a sparkling altar of Nemelex Xobeh.
  3101 | D:4      | Killed from afar by Ymberti's ghost

Skill      XL: |  1  2  3  4  5 |
---------------+----------------+-----
Fighting       | 2 3 4 |  4.3
Shields        | 1 2 3 |  3.3
Short Blades   | |  1.7
Throwing       | |  1.7
Dodging        | |  0.7
Stealth        | |  4.8

Action                   |  1- 3 |  4- 6 || total
-------------------------+-------+-------++-------
Melee: Dagger            |    75 |   157 ||   232
       Bite              |    18 |    40 ||    58
 Fire: Blowgun           |     4 |     2 ||     6
       Hunting sling     |       |     5 ||     5
Throw: Tomahawk          |     5 |     2 ||     7
       Javelin           |     7 |    11 ||    18
Evoke: Wand              |       |     1 ||     1
  Use: Scroll            |     5 |     3 ||     8
       Potion            |       |     3 ||     3
 Stab: Sleeping          |     3 |     6 ||     9
  Eat: Chunk             |       |     3 ||     3
       Fruit             |       |     1 ||     1
       Meat ration       |       |     1 ||     1
Armor: Robe              |    21 |    36 ||    57
Dodge: Dodged            |    51 |    80 ||   131
